 Dungeon Crawl Stone Soup version 0.30.2 (webtiles) character file.

Game seed: 273852196540377076

343 porpoise the Covert (level 6, -8/46 (53) HPs)
             Began as a Gnoll Delver on Apr 5, 2024.
             Mangled by a wight
             ... wielding a +3 scimitar of freezing
              (10 damage)
             ... on level 4 of the Dungeon on Apr 6, 2024.
             The game lasted 00:09:58 (3363 turns).

porpoise the Covert (Gnoll Delver)                  Turns: 3363, Time: 00:09:59

HP:   -8/46 (53)    AC:  6    Str: 13    XL:     6   Next: 57%
MP:   9/9           EV: 12    Int: 10    God:
Gold: 157           SH:  5    Dex: 13    Spells: 9/9 levels left

rFire   . . .        a - +0 war axe
rCold   . . .        (no shield)
rNeg    . . .        o - +0 ring mail
rPois   .            (no helmet)
rElec   .            b - +0 cloak
rCorr   .            (no gloves)
SInv    .            (no boots)
Will    .....        s - amulet of reflection
Stlth   ++++         (no ring)
HPRegen 0.27/turn    (no ring)
MPRegen 0.11/turn

%: reflection
@: flying, heavily drained
A: fangs 1, strong nose, distributed training
a: no special abilities


You were on level 4 of the Dungeon.
You visited 1 branch of the dungeon, and saw 5 of its levels.

You collected 157 gold pieces.

Inventory:

Hand Weapons
 a - a +0 war axe (weapon)
 B - a +5 mace
Missiles
 k - 13 poisoned darts
 l - 19 stones (quivered)
 n - 3 boomerangs
 x - 10 atropa-tipped darts
Armour
 b - a +0 cloak (worn)
 o - a +0 ring mail (worn)
 q - a +1 leather armour of cold resistance
Magical Staves
 y - the staff of air "Gaexoeti" {rElec rC++ Will+}
   (You found it on level 3 of the Dungeon)

   [staff of air]

   Base accuracy: +5 Base damage: 5 Base attack delay: 1.2 This weapon's minimum
   attack delay (0.6) is reached at skill level 12.
   rC:        It greatly protects you from cold.
   rElec:     It insulates you from electricity.
   Will:      It increases your willpower.
   It falls into the 'Staves' category.
   It is a one-handed weapon.
Jewellery
 s - an amulet of reflection (around neck)
Wands
 g - a wand of digging (3)
 p - a wand of roots (4)
Scrolls
 c - a scroll of fog
 d - 3 scrolls of magic mapping
 e - 2 scrolls of fear
 h - a scroll of blinking
 i - a scroll of brand weapon {unknown}
 j - a scroll of noise {unknown}
 m - a scroll of vulnerability {unknown}
 t - a scroll of teleportation {unknown}
 z - a scroll of amnesia {unknown}
 A - 3 scrolls of identify
Potions
 f - a potion of haste
 r - a potion of brilliance
 u - a potion of magic
 v - a potion of attraction


   Skills:
 + Level 6.9 Fighting
 + Level 2.1 Short Blades
 + Level 2.1 Long Blades
 + Level 5.0 Axes
 + Level 2.1 Maces & Flails
 + Level 2.1 Polearms
 + Level 2.1 Staves
 + Level 2.1 Ranged Weapons
 + Level 2.1 Throwing
 + Level 2.1 Armour
 + Level 5.0 Dodging
 + Level 9.8 Stealth
 + Level 2.1 Shields
 + Level 2.1 Unarmed Combat
 + Level 2.1 Spellcasting
 + Level 1.6 Conjurations
 + Level 1.6 Hexes
 + Level 1.6 Summonings
 + Level 1.6 Necromancy
 + Level 1.6 Translocations
 + Level 1.6 Transmutations
 + Level 1.6 Fire Magic
 + Level 1.6 Ice Magic
 + Level 1.6 Air Magic
 + Level 1.6 Earth Magic
 + Level 1.6 Poison Magic
 + Level 2.3 Invocations
 + Level 2.1 Evocations


You had 9 spell levels left.
You didn't know any spells.
Your spell library contained the following spells:

 Spells                   Type           Power      Damage    Failure   Level
 Magic Dart               Conj           16%        1d3       32%         1
 Sandblast                Erth           8%         2d5       32%         1
 Call Imp                 Summ           8%         N/A       45%         2
 Passwall                 Tmut/Erth      3%         N/A       45%         2
 Mephitic Cloud           Conj/Pois/Air  4%         N/A       69%         3
 Stone Arrow              Conj/Erth      8%         3d7       69%         3


Dungeon Overview and Level Annotations

Branches:
Dungeon (5/15)
 Temple: D:4-7

Altars:
Qazlal
Trog

Shops:
D:2 =

Annotations:
D:4 3 runed translucent doors, TombstoneGhost's ghost, weakling MiGl


Innate Abilities, Weirdness & Mutations

You have very sharp teeth.
Your uncanny sense of smell can sniff out nearby items.
Your experience applies equally to all skills.


Message History

HP restored.
A - 3 scrolls of identify (gained 1)
Things that are here:
a +5 mace; a +0 robe; a dart slug corpse
B - a +5 mace You see here a +0 dagger.
Found a stone staircase leading down.
A wight comes into view.
It is wielding a +3 scimitar of freezing.
You closely miss the wight. You block the wight's attack.
You hit the wight but do no damage.
The wight hits you with a +3 scimitar of freezing!
You feel drained. The wight freezes you.
You hit the wight but do no damage. You bite the wight, but do no damage.
The wight hits you but does no damage.
You hit the wight but do no damage. Your bite misses the wight.
The wight hits you with a +3 scimitar of freezing.
The wight freezes you.
The wight hits you with a +3 scimitar of freezing!
You feel drained. The wight freezes you.
* * * LOW HITPOINT WARNING * * *
You are too injured to fight recklessly!
You slash the wight! You bite the wight, but do no damage.
The wight is heavily damaged.
You block the wight's attack.
You closely miss the wight.
The wight is heavily damaged.
The wight hits you with a +3 scimitar of freezing!
* * * LOW HITPOINT WARNING * * *
The wight freezes you.
* * * LOW HITPOINT WARNING * * *
It was a potion of flight.
You feel very buoyant.
You fly up into the air.
The wight closely misses you.
You hit the wight but do no damage. You bite the wight, but do no damage.
The wight is heavily damaged.
You block the wight's attack.
You hit the wight.
The wight is severely damaged.
The wight hits you with a +3 scimitar of freezing!
You die...

#.. ..# #.# ..# #.# #.#
#.# #.# #.# #.# #.# #.#
#.####†## #.# #..##8.8#
#.# #........ #.#
#.###8.8# #@########.#
##.## #.#.#z.........#
##.##
#.(......).[.#####..##
......#.........).....)#
..>..##.######.#######.#
.###. #.# #.# ##.# #∆
#.# #.######... ...∆
#.......... #.#
########...


You could see a wight.

Vanquished Creatures
  A scorpion (D:4)
  2 wights (D:4)
  A hound (D:4)
  A jelly (D:4)
  An iguana (D:3)
  An adder (D:2)
  4 worms
  3 dart slugs
  12 orcs
  4 bats
  4 endoplasms
  4 giant cockroaches
  5 goblins
  6 hobgoblins
  6 kobolds
  2 quokkas
  5 ball pythons
  3 frilled lizards
  8 rats
73 creatures vanquished.

Notes
Turn   | Place    | Note
-------+----------+-------------------------------------------
     0 | D:5      | Reached skill level 9 in Stealth
     0 | D:5      | porpoise the Gnoll Delver began the quest for the Orb.
     0 | D:5      | Reached XP level 1. HP: 23/23 MP: 1/1
    60 | D:4      | Found a bloodstained altar of Trog.
    95 | D:4      | Noticed a hound
    95 | D:4      | Noticed a jelly
   296 | D:1      | Reached XP level 2. HP: 29/29 MP: 2/2
   756 | D:1      | Reached XP level 3. HP: 35/35 MP: 3/3
  1319 | D:2      | Reached skill level 1 in Invocations
  1408 | D:2      | Found Jyeh's Jewellery Boutique.
  1547 | D:2      | Reached skill level 1 in Short Blades
  1547 | D:2      | Reached skill level 1 in Long Blades
  1547 | D:2      | Reached skill level 1 in Maces & Flails
  1547 | D:2      | Reached skill level 1 in Polearms
  1547 | D:2      | Reached skill level 1 in Staves
  1547 | D:2      | Reached skill level 1 in Ranged Weapons
  1547 | D:2      | Reached skill level 1 in Throwing
  1547 | D:2      | Reached skill level 1 in Armour
  1547 | D:2      | Reached skill level 1 in Shields
  1547 | D:2      | Reached skill level 1 in Unarmed Combat
  1547 | D:2      | Reached skill level 1 in Spellcasting
  1547 | D:2      | Reached skill level 1 in Evocations
  1740 | D:2      | Reached XP level 4. HP: 39/41 MP: 5/5
  2104 | D:3      | Found a stormy altar of Qazlal.
  2282 | D:3      | Reached skill level 1 in Conjurations
  2282 | D:3      | Reached skill level 1 in Hexes
  2282 | D:3      | Reached skill level 1 in Summonings
  2282 | D:3      | Reached skill level 1 in Necromancy
  2282 | D:3      | Reached skill level 1 in Translocations
  2282 | D:3      | Reached skill level 1 in Transmutations
  2282 | D:3      | Reached skill level 1 in Fire Magic
  2282 | D:3      | Reached skill level 1 in Ice Magic
  2282 | D:3      | Reached skill level 1 in Air Magic
  2282 | D:3      | Reached skill level 1 in Earth Magic
  2282 | D:3      | Reached skill level 1 in Poison Magic
  2473 | D:3      | Reached XP level 5. HP: 37/47 MP: 7/7
  2509 | D:3      | Identified the staff of air "Gaexoeti" {rElec rC++ Will+}
  2799 | D:4      | Reached XP level 6. HP: 30/53 MP: 8/8
  2902 | D:4      | Noticed TombstoneGhost's ghost (weakling MiGl)
  2903 | D:4      | Found a runed translucent gate.
  2903 | D:4      | Found a runed translucent gate.
  2903 | D:4      | Found a runed translucent gate.
  3152 | D:4      | Reached skill level 5 in Axes
  3152 | D:4      | Reached skill level 5 in Dodging
  3360 | D:4      | HP: 1/46 [wight/+3 scimitar of freezing (3)]
  3363 | D:4      | Mangled by a wight

Illustrated notes

Levels and vault maps discovered:
D:1:      lightli_molten_gateway, layout_loops_ring
D:2:      layout_loops_ring, serial_shops, shop_fountains,
          kennysheep_generic_room_5
D:3:      layout_loops_ring, nicolae_qazlal_eye_of_the_storm, minmay_checkerbox
D:4:      layout_loops_ring, nicolae_ru_great_annihilating_truth, trog_wizard,
          minmay_temple_entry_offerings, gammafunk_ghost_split, serial_shops,
          shop, grunt_ministairs_15, small_statue_intersection, st_stairs_4,
          grunt_decor_fettered
D:5:      layout_loops_ring, nicolae_sif_muna_little_library,
          minmay_misc_feat_hallway, nrook_loot_triangle, minivault_23,
          uniq_edmund

Skill      XL: |  1  2  3  4  5  6 |
---------------+-------------------+-----
Stealth        | |  9.8
Invocations    | 1 2 |  2.3
Short Blades   | 1 2 |  2.1
Long Blades    | 1 2 |  2.1
Maces & Flails | 1 2 |  2.1
Polearms       | 1 2 |  2.1
Staves         | 1 2 |  2.1
Ranged Weapons | 1 2 |  2.1
Throwing       | 1 2 |  2.1
Armour         | 1 2 |  2.1
Shields        | 1 2 |  2.1
Unarmed Combat | 1 2 |  2.1
Spellcasting   | 1 2 |  2.1
Evocations     | 1 2 |  2.1
Conjurations   | 1 |  1.6
Hexes          | 1 |  1.6
Summonings     | 1 |  1.6
Necromancy     | 1 |  1.6
Translocations | 1 |  1.6
Transmutations | 1 |  1.6
Fire Magic     | 1 |  1.6
Ice Magic      | 1 |  1.6
Air Magic      | 1 |  1.6
Earth Magic    | 1 |  1.6
Poison Magic   | 1 |  1.6
Axes           | 5 |  5.0
Dodging        | 5 |  5.0
Fighting       | |  6.9

Action                     |  1- 3 |  4- 6 || total
---------------------------+-------+-------++-------
  Melee: Hand axe          |    93 |   127 ||   220
         Bite              |     9 |    14 ||    23
         Punch             |     1 |     2 ||     3
         War axe           |       |    16 ||    16
  Throw: Dart              |       |     1 ||     1
    Use: Scroll            |       |     5 ||     5
         Potion            |       |     1 ||     1
   Stab: Sleeping          |    19 |     9 ||    28
         Distracted        |       |     1 ||     1
 Armour: Leather armour    |    10 |       ||    10
         Ring mail         |     5 |    28 ||    33
  Dodge: Dodged            |    39 |    62 ||   101
  Block: Other             |     6 |    41 ||    47
